Map: Opérations galactiques EC

Players

zidar - Winner!

  • Race: Zerg Zerg
  • League: Platinum
  • Spawn Location: 7:00

Belthazor

  • Race: Terran Terran
  • League: Diamond
  • Spawn Location: 1:00

VOD

Have the link to the VOD?

Description

Time

  • Played on: Oct. 20, 2016, 2:05 p.m.
  • Length: 8:05
Show
View Real Time Build Order
Export as new Build Order

zidar Zerg - Winner!

Build Orders: Hatch First 

Get SALT Encoding   

  12  0:01  Drone  
  13  0:12  Overlord  
  13  0:17  Drone  
  14  0:31  Drone x2  
  16  0:51  Hatchery  
  16  0:54  Drone  
  16  0:58  Drone  
  17  1:08  Extractor  
  16  1:17  Spawning Pool  
  15  1:19  Drone  
  16  1:45  Drone x3  
  19  2:03  Queen  
  19  2:04  Queen  
  23  2:12  Roach Warren  
  22  2:24  Drone x2  
  22  2:27  Drone x2  
  26  2:30  Drone  
  27  2:37  Overlord  
  27  2:45  Overlord  
  27  2:55  Roach x2  
  27  2:57  Roach  
  32  3:04  Roach  
  36  3:13  Roach x2  
  36  3:15  Roach  
  37  3:35  Ravager  
  36  4:03  Ravager  
  37  4:20  Queen  
  37  4:23  Roach x2  
  43  4:36  Ravager  
  36  5:18  Roach x3  
  44  5:29  Queen  
  37  6:09  Drone x2  
  37  6:10  Drone x5  
  44  6:15  Overlord x3  
  44  6:34  Ravager  
  44  6:36  Ravager  
  46  6:47  Queen  
  46  6:49  Drone x3  
Show
View Real Time Build Order
Export as new Build Order

Belthazor Terran 

Build Orders:  

Get SALT Encoding   

  12  0:10  Supply Depot  
  12  0:27  SCV  
  13  0:36  Barracks  
  13  0:40  Refinery  
  13  0:56  Barracks  
  13  1:09  SCV  
  14  1:24  Reaper  
  15  1:33  Refinery, SCV  
  15  1:36  Supply Depot  
  16  1:47  Reaper  
  17  2:00  Barracks  
  17  2:08  Reaper  
  18  2:23  Reaper  
  19  2:41  Reaper  
  20  2:51  Marine  
  20  2:55  Reaper  
  22  3:05  Supply Depot  
  21  3:09  Reaper  
  22  3:13  Reaper  
  23  3:27  Reaper  
  24  3:41  Reaper  
  24  3:45  Reaper  
  25  3:59  Reaper  
  24  4:13  Reaper  
  25  4:17  Reaper  
  24  4:31  Reaper  
  25  4:46  Reaper  
  25  4:50  Reaper  
  27  5:04  Reaper  
  23  5:18  Reaper  
  23  5:22  Reaper  
  23  5:23  SCV  
  23  5:24  Factory  
  21  5:57  Marine x2  
  21  5:58  Marine  
  21  5:59  SCV  
  21  6:03  Barracks  
  25  6:06  Barracks  
  27  6:18  Widow Mine  
  27  6:22  SCV  
  28  6:31  Marine x2  
  30  6:43  SCV  
  31  6:57  Starport  
  31  7:10  Marine x2  
  31  7:11  Marine x3  
  28  7:43  Marine x3  
Tags
 
Add a new tag
Caveats
  • Supply blocks, unpowered buildings, or Contaminate may cause inaccurate times.
  • Supply counts are checked every 10 seconds.